 Dungeon Crawl Stone Soup version 0.22-a0-247-gbddf880 (webtiles) character file.

243 Serpenta the Chiller (level 6, -1/36 HPs)
             Began as an Octopode Ice Elementalist on Feb 26, 2018.
             Was an Initiate of Okawaru.
             Slain by an orc
             ... wielding a +0 flail
              (9 damage)
             ... on level 4 of the Dungeon.
             The game lasted 00:08:45 (3765 turns).

Serpenta the Chiller (Octopode Ice Elementalist)    Turns: 3765, Time: 00:08:46

Health: -1/36      AC:  1    Str:  7    XL:     6   Next: 9%
Magic:  2/9        EV: 13    Int: 18    God:    Okawaru [......]
Gold:   127        SH:  8    Dex: 14    Spells: 3/9 levels left

rFire    . . .     SeeInvis .   g - +2 dagger (venom)
rCold    . . .     Gourm    .   d - +0 buckler
rNeg     . . .     Faith    .   (helmet restricted)
rPois    .         Spirit   .   q - +3 amulet of reflection
rElec    .         Reflect  +   (no ring)
rCorr    .         Harm     .   (no ring)
MR       .....                  (no ring)
Stlth    +++.......             (no ring)
HPRegen  0.12/turn              (no ring)
MPRegen  0.11/turn              (no ring)
                                (no ring)
                                (no ring)

@: no status effects
A: almost no armour, stealthy swim, amphibious, 8 rings, constrict 8, camouflage
1, gelatinous body 1
a: Renounce Religion


You were on level 4 of the Dungeon.
You worshipped Okawaru.
Okawaru was noncommittal.
You were not hungry.

You visited 1 branch of the dungeon, and saw 4 of its levels.

You collected 127 gold pieces.


Innate Abilities, Weirdness & Mutations

You cannot wear most types of armour.
You are very stealthy in the water. (Stealth+)
You are amphibious.
You can wear up to eight rings at the same time.
You can use your tentacles to constrict eight enemies at once.
Your skin changes colour to match your surroundings (Stealth+).
Your rubbery body absorbs attacks. (AC +1, EV +1)


   Skills:
 - Level 2.0 Dodging
 - Level 2.6 Stealth
 + Level 3.7 Shields
 - Level 2.0 Spellcasting
 - Level 1.0 Conjurations
 + Level 5.2 Ice Magic


You had 3 spell levels left.
You knew the following spells:

 Your Spells              Type           Power        Failure   Level  Hunger
o - Ozocubu's Armour      Chrm/Ice       ##......     19%         3    ###....
A - Freeze                Ice            ###.         1%          1    #......
B - Throw Frost           Conj/Ice       ##....       8%          2    ###....

Action                   |  1- 3 |  4- 6 || total
-------------------------+-------+-------++-------
Melee: Unarmed           |    11 |       ||    11
       Constrict         |    19 |    11 ||    30
       Dagger            |    58 |    70 ||   128
       Tentacles         |     8 |     6 ||    14
Throw: Javelin           |       |     2 ||     2
 Cast: Freeze            |    12 |    33 ||    45
       Throw Frost       |       |     1 ||     1
       Ozocubu's Armour  |       |     1 ||     1
  Use: Scroll            |       |     4 ||     4
 Stab: Sleeping          |    12 |     4 ||    16
  Eat: Chunk             |     2 |     8 ||    10
Armor: Skin              |     6 |     2 ||     8
Dodge: Dodged            |    35 |    30 ||    65
Block: Buckler           |     9 |    10 ||    19

Inventory:

Hand Weapons
 g - a +2 dagger of venom (weapon)
Missiles
 t - 2 javelins (quivered)
 v - 5 tomahawks
Armour
 d - a +0 buckler (worn)
 s - a +0 shield
Jewellery
 q - a +3 amulet of reflection (around mantle)
Wands
 j - a wand of clouds (5)
Scrolls
 e - a scroll of random uselessness {unknown}
 h - a scroll of enchant armour {unknown}
 k - a scroll of immolation
 m - a scroll of remove curse
 o - a scroll of blinking {unknown}
 r - a scroll of enchant weapon {unknown}
Potions
 b - a potion of resistance
 c - 4 potions of heal wounds {unknown}
 f - a potion of mutation {unknown}
 l - a potion of haste {unknown}
 n - 2 potions of curing {unknown}
 p - 2 potions of agility
Comestibles
 a - a ration
 i - 6 chunks of flesh {@w1}

. .# ... ...§.# #.#
§..§§§§#######.#
§..§.§.§....##.#####
S§.....##.##.#....
§.o..##.#....##
§§#(##.......#
o##oo@>......#
####.##....#
#.##.#### . #.##.# .
..##'## #. .
###...## #.###
##.....## #....
##.......## ##.##
##.........####...#


You could see 3 orcs.

Vanquished Creatures
  An orc priest (D:4)
  2 orc wizards (D:4)
  An iguana (D:4)
  3 adders
  4 worms
  3 dart slugs
  4 leopard geckos
  6 orcs
  6 bats
  5 giant cockroaches
  8 goblins
  8 hobgoblins
  2 quokkas (D:2)
  3 ball pythons
  A ball python skeleton (D:4)
  5 frilled lizards
  11 kobolds
  14 rats
87 creatures vanquished.

Vault maps used:
D:1:      dpeg_arrival_long_road, kennysheep_decorative_pillar, minmay_domino_2
D:2:      xom_redecorated, okawaru_gym_becter,
          chequers_ecumenical_altar_simple_redux, kennysheep_generic_room_7
D:3:      tgw_trog
D:4:      nicolae_dithmenos_the_darkroom


Message History

Confirm with . or Enter, or press ? or * to list all spells.
Aiming: Freeze (safe; 2% risk of failure)
Press: ? - help, Shift-Dir - straight line You freeze something.
Okawaru accepts your kill.
Reactivating autopickup.
You have reached level 6!
Your experience leads to an increase in your attributes!
Increase (S)trength, (I)ntelligence, or (D)exterity?
You feel agile.
You feel a bit more experienced.
Casting: Freeze (safe; 1% risk of failure)
Confirm with . or Enter, or press ? or * to list all spells.
Aiming: Freeze (safe; 1% risk of failure)
Press: ? - help, Shift-Dir - straight line, f - orc
Aim: an orc, wielding a flail You freeze the orc.
The orc is moderately wounded.
The orc hits you with a flail!
You die...

Notes
Turn   | Place    | Note
-------+----------+-------------------------------------------
     0 | D:1      | Serpenta the Octopode Ice Elementalist began the quest for the Orb.
     0 | D:1      | Reached XP level 1. HP: 11/11 MP: 3/3
   203 | D:1      | Reached XP level 2. HP: 9/17 MP: 0/5
   439 | D:1      | Reached skill level 1 in Shields
   739 | D:1      | Reached XP level 3. HP: 21/21 MP: 6/6
  1199 | D:2      | Found a shimmering altar of Xom.
  1240 | D:2      | Found an iron altar of Okawaru.
  1248 | D:2      | Became a worshipper of Warmaster Okawaru
  1305 | D:2      | Reached skill level 4 in Ice Magic
  1487 | D:2      | Reached XP level 4. HP: 27/27 MP: 5/7
  1488 | D:2      | Found a faded altar of an unknown god.
  1507 | D:2      | Found a shimmering altar of Xom.
  1508 | D:2      | Found a shimmering altar of Xom.
  1508 | D:2      | Found a shimmering altar of Xom.
  1509 | D:2      | Found a shimmering altar of Xom.
  2784 | D:3      | Learned a level 2 spell: Throw Frost
  2788 | D:3      | Learned a level 3 spell: Ozocubu's Armour
  2948 | D:3      | Reached XP level 5. HP: 31/31 MP: 8/8
  3080 | D:3      | Noticed a moth of wrath
  3083 | D:3      | Found a bloodstained altar of Trog.
  3724 | D:4      | Reached skill level 5 in Ice Magic
  3755 | D:4      | Found a shadowy altar of Dithmenos.
  3764 | D:4      | Reached XP level 6. HP: 7/36 MP: 3/9
  3765 | D:4      | Slain by an orc
